 Dungeon Crawl Stone Soup version 0.27-a0-1036-g8e1b44f6bd (webtiles) character file.

Game seed: 14831138296642259318

4435 g3ss the Basher (level 10, -1/76 HPs)
             Began as a Human Berserker on Apr 18, 2021.
             Was an Elder of Trog.
             Slain by an orc warrior
             ... wielding a +0 long sword
             ... summoned by an orange crystal statue
              (8 damage)
             ... on level 8 of the Dungeon.
             The game lasted 00:30:37 (8765 turns).

g3ss the Basher (Human Berserker)                   Turns: 8765, Time: 00:30:39

Health: -1/76      AC: 33    Str: 20    XL:     10   Next: 63%
Magic:  0/10       EV:  7    Int: -6 (7) God:    Trog [****..]
Gold:   441        SH:  0    Dex: 14    Spells: 9/9 levels left

rFire    . . .     SeeInvis .   p - +6 morningstar (protect)
rCold    . . .     Faith    .   (no shield)
rNeg     . . .     Spirit   .   B - +15 Maxwell's patent armour {-Cast -Tele rElec Will+ rCorr}
rPois    +         Reflect  .   t - +0 helmet
rElec    +         Harm     .   (no cloak)
rCorr    +         Rampage  .   (no gloves)
Will     +++..     NoTele   +   o - +0 pair of boots Stlth ..........NoCast +
                                (no amulet)
HPRegen  1.22/turn              (no ring)
MPRegen  0.12/turn              A - ring of poison resistance

@: on berserk cooldown, regenerating, slowed, lost intelligence, very slow
A: iridescent scales 1
a: Renounce Religion, Berserk, Trog's Hand, Brothers in Arms


You were on level 8 of the Dungeon.
You worshipped Trog.
Trog was greatly pleased with you.
You visited 2 branches of the dungeon, and saw 9 of its levels.

You collected 522 gold pieces.
You spent 81 gold pieces at shops.

Inventory:

Hand Weapons
 m - a +2 long sword of holy wrath
 p - a +6 morningstar of protection (weapon)
 r - a +0 club
 u - a +0 dagger of flaming
 w - a +0 whip of venom
 E - a +0 falchion
 F - a +0 short sword
 H - a +0 dagger of chaos
 K - a +3 flail
Missiles
 a - 80 sling bullets
 d - 276 stones
 e - 84 poisoned darts
 k - 84 bolts
 q - 2 boomerangs of dispersal
 D - 5 curare-tipped darts
Armour
 b - a +0 animal skin
 i - a +1 chain mail
 l - a +3 ring mail of poison resistance
 o - a +0 pair of boots (worn)
 s - the +12 chain mail of the Accordion {rElec rN++ Int-2}
   (You found it on level 7 of the Dungeon)

   It affects your intelligence (-2).
   It insulates you from electricity.
   It greatly protects you from negative energy.
 t - a +0 helmet (worn)
 v - a +0 ring mail of cold resistance
 B - the +15 Maxwell's patent armour (worn) {-Cast -Tele rElec Will+ rCorr}
   (You acquired it on level 6 of the Dungeon)

   It insulates you from electricity.
   It prevents spellcasting.
   It prevents most forms of teleportation.
   It protects you from acid and corrosion.
   It increases your willpower.
Jewellery
 y - a ring of fire
 A - a ring of poison resistance (right hand)
 C - a ring of flight
Wands
 c - a wand of iceblast (28)
 x - a wand of flame (34)
 I - a wand of mindburst (10)
Scrolls
 g - 2 scrolls of fog
 h - 3 scrolls of identify
 j - 3 scrolls of amnesia
 J - a scroll of vulnerability
Potions
 f - 2 potions of flight
 n - 3 potions of haste
 z - a potion of mutation
 G - a potion of invisibility {unknown}


   Skills:
 + Level 6.0 Fighting
 + Level 10.6 Maces & Flails
 * Level 9.0 Armour
 + Level 3.3 Dodging
 + Level 1.7 Stealth


You had 9 spell levels left.
You didn't know any spells.
Your spell library contained the following spells:

 Spells                   Type           Power      Damage    Failure   Level
 Corona                   Hex            0%         N/A       100%        1
 Freeze                   Ice            0%         1d3       100%        1
 Sandblast                Erth           0%         2d4       100%        1
 Summon Small Mammal      Summ           0%         N/A       100%        1
 Call Imp                 Summ           0%         N/A       100%        2
 Ensorcelled Hibernation  Hex/Ice        0%         N/A       100%        2
 Passwall                 Tmut/Erth      0%         N/A       100%        2
 Call Canine Familiar     Summ           0%         N/A       100%        3
 Confusing Touch          Hex            0%         N/A       100%        3
 Dazzling Flash           Conj/Hex       0%         N/A       100%        3
 Frozen Ramparts          Ice            0%         1d2       100%        3
 Ozocubu's Armour         Ice            0%         N/A       100%        3
 Stone Arrow              Conj/Erth      0%         3d7       100%        3
 Summon Guardian Golem    Hex/Summ       0%         N/A       100%        3
 Tukima's Dance           Hex            0%         N/A       100%        3
 Hailstorm                Conj/Ice       0%         3d3       100%        4
 Petrify                  Tmut/Erth      0%         N/A       100%        4
 Summon Ice Beast         Ice/Summ       0%         N/A       100%        4
 Summon Lightning Spire   Summ/Air       0%         N/A       100%        4
 Lee's Rapid Deconstruct  Erth           0%         3d5*      100%        5
 Metabolic Englaciation   Hex/Ice        0%         N/A       100%        5


Dungeon Overview and Level Annotations

Branches:
Dungeon (8/15)             Temple (1/1) D:5
   Lair: D:8-11

Altars:
Ashenzari
Cheibriados
Dithmenos
Elyvilon
Fedhas
Gozag
Hepliaklqana
Kikubaaqudgha
Makhleb
Nemelex Xobeh
Okawaru
Qazlal
Ru
Sif Muna
Trog
Uskayaw
Vehumet
Wu Jian
Xom
Yredelemnul
Zin
The Shining One

Shops:
D:1 =   D:3 *   D:4 *

Annotations:
D:8 1 runed translucent door, exclusion: 4 orange crystal statues


Innate Abilities, Weirdness & Mutations

You are partially covered in iridescent scales. (AC +2)


Message History

The orc hits you but does no damage.
The orange crystal statue fixes its piercing gaze on you.
Something tries to feed on your intellect!
The orange crystal statue fixes its piercing gaze on you.
Something tries to feed on your intellect!
The orc warrior hits you but does no damage.
The orc warrior hits you from afar with a +0 trident!
* * * LOW HITPOINT WARNING * * *
The orc hits you but does no damage. The orc priest barely misses you.
The orc wizard hits you but does no damage.
The orc warrior hits you with a +0 long sword.
* * * LOW HITPOINT WARNING * * *
You closely miss the orc warrior.
The orc warrior is heavily wounded.
The orc closely misses you.
The orange crystal statue glitters.
You resist with almost no effort.
The orange crystal statue glitters.
You resist with almost no effort.
The orc warrior hits you but does no damage. x2
The orc hits you but does no damage.
The orc wizard points at you and mumbles some strange words.
You resist with almost no effort.
The orc warrior hits you but does no damage.
The orc priest hits you but does no damage.
Unknown command.
Your Maxwell's patent armour prevents you from hitting the orc warrior.
The orc warrior is heavily wounded.
The orc wizard gestures at itself while chanting.
The orc wizard flickers and vanishes!
The orc hits you but does no damage.
The orange crystal statue glitters topaz in the dim dungeon light.
The orc warrior barely misses you. The orc hits you but does no damage.
The orc warrior hits you but does no damage.
You closely miss the orc warrior.
The orc warrior is heavily wounded.
You are no longer berserk.
You are exhausted.
You feel yourself slow down.
The orc warrior hits you with a +0 long sword!
You die...

.# ..#
##############...#
#.. ..>...(......#
#.# #######.####...
##.# ##.##########
<..### #...........#
.....# #.####o####.#
####.# #.#8oo@oZ8#
#.# #.#o#ooo#o#
#.######.#.oo{{Fo#
#........#..oooo.#.
#######..#.....$.#.#
##.#.#...#.# ..
#.#8.....8# .
#.####+#### #..


You could see 4 orange crystal statues, 3 orc warriors, a bullfrog (summoned), 3
orc priests, an orc wizard (summoned), 9 orcs and a centaur zombie (summoned).

Vanquished Creatures
  Psyche (D:8)
  A komodo dragon (D:8)
  A hornet (D:8)
  A vampire (D:6)
  The ghost of kd29 the Changer, an amateur DrTm (D:3)
  A steam dragon (D:8)
  Eustachio (D:6)
  An ice beast (D:6)
  5 black bears
  3 orc warriors
  A necrophage (D:6)
  A sky beast (D:6)
  4 ogres
  A centaur (D:8)
  2 phantoms
  A kobold brigand (D:8)
  2 scorpions
  A water moccasin zombie (D:6)
  2 water moccasin skeletons (D:5)
  5 wights (D:8)
  A howler monkey (D:6)
  A bullfrog zombie (D:7)
  A centaur zombie (D:6)
  2 bullfrog skeletons
  4 hounds
  9 orc priests
  2 centaur skeletons
  4 iguanas
  Ijyb (D:3)
  6 orc wizards
  5 adders
  A shadow imp (D:6)
  A dart slug (D:1)
  42 orcs
  4 endoplasms
  2 giant cockroaches
  9 goblins
  6 hobgoblins
  10 jackals
  2 quokkas
  6 ball pythons
  3 bats
  3 frilled lizards
  11 kobolds
  A rat (D:1)
  A butterfly (D:5)
174 creatures vanquished.

Vanquished Creatures (others)
  2 plants
2 creatures vanquished.

Grand Total: 176 creatures vanquished

Notes
Turn   | Place    | Note
-------+----------+-------------------------------------------
     0 | D:1      | g3ss the Human Berserker began the quest for the Orb.
     0 | D:1      | Reached XP level 1. HP: 18/18 MP: 1/1
   374 | D:1      | Reached XP level 2. HP: 21/24 MP: 2/2
   432 | D:1      | Found Syutseerph's Jewellery Shop.
  1332 | D:2      | Reached XP level 3. HP: 29/29 MP: 3/3
  1680 | D:2      | Found a faded altar of an unknown god.
  2315 | D:3      | Noticed an ogre
  2319 | D:3      | Reached ** piety under Trog
  2325 | D:3      | Killed an ogre
  2326 | D:3      | Reached skill level 4 in Maces & Flails
  2326 | D:3      | Reached XP level 4. HP: 13/37 MP: 4/4
  2326 | D:3      | Reached XP level 5. HP: 15/42 MP: 5/5
  2721 | D:3      | Found Anedwapely's Assorted Antiques.
  2721 | D:3      | Noticed an ogre
  2729 | D:3      | Killed an ogre
  2730 | D:3      | Reached XP level 6. HP: 35/48 MP: 6/6
  2745 | D:3      | Bought a helmet for 81 gold pieces
  3337 | D:3      | Noticed Ijyb
  3350 | D:3      | Killed Ijyb
  3999 | D:3      | Found a runed translucent door.
  4000 | D:3      | Noticed kd29's ghost (amateur DrTm)
  4017 | D:3      | Killed kd29's ghost
  4018 | D:3      | Reached skill level 5 in Maces & Flails
  4018 | D:3      | Reached XP level 7. HP: 49/54 MP: 7/7
  4270 | D:4      | Reached skill level 6 in Maces & Flails
  4270 | D:4      | Reached skill level 5 in Armour
  4280 | D:4      | Reached XP level 8. HP: 42/60 MP: 8/8
  4660 | D:4      | Found Tuuv's General Store.
  4694 | D:5      | Entered Level 5 of the Dungeon
  4697 | D:5      | Found a staircase to the Ecumenical Temple.
  4733 | Temple   | Entered the Ecumenical Temple
  5049 | D:5      | Reached *** piety under Trog
  5698 | D:5      | Reached skill level 7 in Maces & Flails
  5709 | D:5      | Reached skill level 1 in Stealth
  5833 | D:6      | Identified a scroll of acquirement
  5835 | D:6      | Acquired the +15 Maxwell's patent armour {-Cast -Tele rElec
                  | Will+ rCorr}
  5836 | D:6      | Found the +15 Maxwell's patent armour {-Cast -Tele rElec
                  | Will+ rCorr}
  6126 | D:6      | Reached XP level 9. HP: 66/66 MP: 9/9
  6168 | D:6      | Reached skill level 8 in Maces & Flails
  6309 | D:6      | Found an iron altar of Okawaru.
  6585 | D:6      | Noticed Eustachio
  6597 | D:6      | Killed Eustachio
  6598 | D:6      | Reached skill level 5 in Fighting
  6724 | D:6      | Reached skill level 9 in Maces & Flails
  7218 | D:7      | Gained mutation: Your spells are a little harder to cast,
                  | but a little more powerful. [potion of mutation]
  7218 | D:7      | Lost mutation: Your spells are a little harder to cast, but
                  | a little more powerful. [potion of mutation]
  7218 | D:7      | Gained mutation: You are partially covered in iridescent
                  | scales. (AC +2) [potion of mutation]
  7307 | D:7      | Identified the +12 chain mail of the Accordion {rElec rN++
                  | Int-2}
  7466 | D:7      | Reached XP level 10. HP: 74/74 MP: 10/10
  7732 | D:8      | Reached **** piety under Trog
  7979 | D:8      | Reached skill level 10 in Maces & Flails
  7989 | D:8      | Noticed Psyche
  8015 | D:8      | Killed Psyche
  8508 | D:8      | Noticed a komodo dragon
  8522 | D:8      | Killed a komodo dragon
  8724 | D:8      | Found the +10 tower shield of Ignorance {rN+ Int-4}
  8730 | D:8      | Found a runed translucent door.
  8747 | D:8      | Noticed an orange crystal statue
  8747 | D:8      | Noticed an orange crystal statue
  8747 | D:8      | Noticed an orange crystal statue
  8747 | D:8      | Noticed an orange crystal statue
  8748 | D:8      | Found a runed translucent door.
  8753 | D:8      | Lost intelligence.
  8765 | D:8      | Slain by an orc warrior

Illustrated notes

Levels and vault maps discovered:
D:1:      kilobyte_arrival_exit_the_forest, layout_basic, serial_shops,
          nicolae_shop_statue_plus, grunt_decor_cap, minmay_misc_feat_pillars,
          minmay_tromino_v4_b
D:2:      layout_basic, hellmonk_ecumenical_altar_pennies_from_heaven,
          uniq_crazy_yiuf_cottage
D:3:      corexii_shack_village, layout_basic, ebering_ghost_reflecting_pool,
          serial_shops, shop, minmay_misc_feat_diagonals, uniq_ijyb
D:4:      layout_rooms, serial_shops, kennysheep_mini
D:5:      layout_basic, minmay_temple_entry_butterflies,
          minmay_misc_feat_more_columns, eino_curves_02
D:6:      layout_loops_corners, lemuel_round_altar, corner_web_ring,
          uniq_eustachio
D:7:      layout_basic
D:8:      layout_loops_ring, special_room [special_room_orc],
          chequers_guarded_unrand_ignorance, uniq_psyche
Temple:   grunt_wide_crystal_templ

Skill      XL: |  1  2  3  4  5  6  7  8  9 10 |
---------------+-------------------------------+-----
Maces & Flails | 4 5 6 7 9 10 | 10.6
Armour         | 3 4 5 6 7 9 |  9.0
Fighting       | 4 5 6 |  6.0
Dodging        | 3 |  3.3
Stealth        | 1 |  1.7

Action                   |  1- 3 |  4- 6 |  7- 9 | 10-12 || total
-------------------------+-------+-------+-------+-------++-------
Melee: Mace              |   101 |     2 |       |       ||   103
       Morningstar       |       |    93 |   250 |   147 ||   490
Invok: Berserk           |     1 |     3 |     5 |     4 ||    13
       Trog's Hand       |       |     1 |     3 |     4 ||     8
  Use: Potion            |     1 |     2 |     3 |       ||     6
       Scroll            |       |     4 |     7 |     3 ||    14
Armor: Animal skin       |     7 |       |       |       ||     7
       Chain mail        |    34 |    72 |     6 |       ||   112
       Ring mail         |       |       |    53 |       ||    53
       Plate armour      |       |       |   182 |   286 ||   468
       Skin              |       |       |     1 |       ||     1
Dodge: Dodged            |    66 |    39 |   148 |   122 ||   375

Table legend: (Time is in decaauts)
 A = Elapsed time spent in this place.
 B = Non-inter-level travel time spent in this place.
 C = Inter-level travel time spent in this place.
 D = Time resting spent in this place.
 E = Time spent auto-exploring this place.
 F = Levels seen in this place.
 G = Mean time per level.
                   A        B        C        D        E       F      G
               +--------+--------+--------+--------+--------+-----+--------+
         Total |   8936 |   8672 |    264 |   1406 |   4610 |   9 |  992.9 |
       Dungeon |   8860 |   8596 |    264 |   1406 |   4580 |   8 | 1107.5 |
        Temple |     75 |     75 |      0 |      0 |     30 |   1 |   75.0 |
               +--------+--------+--------+--------+--------+-----+--------+

Top non-repeatable levels by time:
     D:3: 1822 daAuts
     D:1: 1345 daAuts
     D:6: 1219 daAuts
     D:8: 1068 daAuts
     D:5: 1059 daAuts
     D:2: 1004 daAuts
     D:7: 704 daAuts
     D:4: 636 daAuts
  Temple: 75 daAuts
